 Dungeon Crawl Stone Soup version 0.19-a0-82-gd3566c2 (webtiles) character file.

72 wvc the Poker (level 4, -3/35 HPs)
             Began as a Human Berserker on May 14, 2016.
             Was a Believer of Trog.
             Slain by a kobold
             ... wielding a +0 whip
              (4 damage)
             ... on level 2 of the Dungeon.
             The game lasted 00:02:19 (1600 turns).

wvc the Poker (Human Berserker)                     Turns: 1600, Time: 00:02:19

Health: -3/35      AC:  2    Str: 17    XL:     4   Next: 48%
Magic:  4/4        EV: 12    Int:  8    God:    Trog [**....]
Gold:   80         SH:  0    Dex: 13    Spells: 0 memorised, 3 levels left

rFire  . . .     SeeInvis .     a - +0 spear
rCold  . . .     Gourm    .     b - +0 animal skin
rNeg   . . .     Faith    .     (no shield)
rPois  .         Spirit   .     (no helmet)
rElec  .         Dismiss  .     (no cloak)
rCorr  .         Reflect  .     (no gloves)
SustAt .         Harm     .     (no boots)
MR     .....                    (no amulet)
Stlth  +.........               (no ring)
                                (no ring)

@: not resistant to hostile enchantments, very unstealthy
A: no striking features
a: Berserk, Trog's Hand, Burn Spellbooks, Renounce Religion


You were on level 2 of the Dungeon.
You worshipped Trog.
Trog was pleased with you.
You were not hungry.

You visited 1 branch of the dungeon, and saw 2 of its levels.

You collected 80 gold pieces.

Inventory:

Hand Weapons
 a - a +0 spear (weapon)
Missiles
 j - a poisoned javelin (quivered)
 o - 13 poisoned needles
Armour
 b - a +0 animal skin (worn)
Jewellery
 k - an uncursed ring of wizardry
Scrolls
 d - 2 scrolls of fear {unknown}
 f - a scroll of amnesia {unknown}
 i - a scroll of blinking {unknown}
 l - a scroll of remove curse {unknown}
 p - a scroll of identify {unknown}
Potions
 e - a potion of lignification {unknown}
 g - a potion of berserk rage {unknown}
 m - a potion of flight {unknown}
Comestibles
 c - a bread ration
 h - a meat ration
 n - a chunk of flesh


   Skills:
 - Level 3.0 Fighting
 + Level 5.0 Polearms
 - Level 2.0 Armour
 - Level 2.0 Dodging


You had 3 spell levels left.
You didn't know any spells.

Dungeon Overview and Level Annotations

Branches:
Dungeon (2/15)

Altars:


Message History

Throwing (i - inventory):
j - 4 poisoned javelins (quivered)
Press: ? - help, Shift-Dir - straight line, f/p - kobold
Aim: a kobold, wielding a whip (severely wounded)
You throw a poisoned javelin.
The poisoned javelin closely misses the kobold.
The kobold hits you but does no damage. The kobold misses you.
Throwing (i - inventory):
j - 3 poisoned javelins (quivered)
Press: ? - help, Shift-Dir - straight line, f/p - kobold
Aim: a kobold, wielding a whip (severely wounded)
You throw a poisoned javelin.
The poisoned javelin barely misses the kobold.
The kobold hits you with a whip!
* * * LOW HITPOINT WARNING * * *
Throwing (i - inventory):
j - 2 poisoned javelins (quivered)
Press: ? - help, Shift-Dir - straight line, f/p - kobold
Aim: a kobold, wielding a whip (severely wounded)
You throw a poisoned javelin.
The poisoned javelin closely misses the kobold.
The kobold hits you with a whip.
You die...

#....# #...##...#####
#.##.# #...>.........
##.##.###....#...####.
#.....................
##.............#......
##.##.###...##.#######
#..<#.#...............
##..#.#.##.#.#.##....#
#...@K.....(#.##....#
#..###.#..#.#.##....#
#..# #.##.###.##....#
#..# #........##....#
#..# ####.#..........
##).######.#.####....#
#..........#.#.......#
##.#########.#.......#
#.....................


You could see a kobold.

Vanquished Creatures
  A gnoll (D:1)
  An adder (D:2)
  2 worms (D:2)
  3 dart slugs
  3 giant geckos
  A giant cockroach (D:2)
  6 goblins
  2 hobgoblins (D:1)
  5 kobolds
  A quokka (D:2)
  5 bats
  2 giant newts
  6 rats
38 creatures vanquished.

Notes
Turn   | Place    | Note
--------------------------------------------------------------
     0 | D:1      | wvc the Human Berserker began the quest for the Orb.
     0 | D:1      | Reached XP level 1. HP: 18/18 MP: 1/1
    74 | D:1      | Reached XP level 2. HP: 13/24 MP: 2/2
   316 | D:1      | Reached skill level 4 in Polearms
   316 | D:1      | Reached XP level 3. HP: 23/29 MP: 3/3
   999 | D:2      | Reached ** piety under Trog
  1094 | D:2      | Reached XP level 4. HP: 28/35 MP: 4/4
  1580 | D:2      | Reached skill level 5 in Polearms
  1599 | D:2      | HP: 1/35 [kobold/whip (7)]
  1600 | D:2      | Slain by a kobold

Vault maps used:
D:1:      roderic_chinese_lattice_arrival

Skill      XL: |  1  2  3  4 |
---------------+-------------+-----
Polearms       | 4 5 |  5.0
Fighting       | |  3.0
Armour         | |  2.0
Dodging        | |  2.0

Action                   |  1- 3 |  4- 6 || total
-------------------------+-------+-------++-------
Melee: Spear             |    98 |    53 ||   151
Throw: Javelin           |     4 |     5 ||     9
Invok: Berserk           |     1 |       ||     1
 Stab: Sleeping          |     4 |       ||     4
  Eat: Chunk             |     2 |     1 ||     3
Armor: Animal skin       |    11 |     2 ||    13
Dodge: Dodged            |    35 |    14 ||    49
